 Dungeon Crawl Stone Soup version 0.28.0-45-g0d030f2227 (webtiles) character file.

Game seed: 1678601203495027872

16158 Icepheonix32 the Party-goer (level 12, -11/133 HPs)
             Began as a Demonspawn Fighter on Apr 10, 2022.
             Was a Believer of Uskayaw.
             Killed by divine providence
             ... invoked by a meliai
              (16 damage)
             ... on level 12 of the Dungeon on Apr 11, 2022.
             The game lasted 00:23:09 (10540 turns).

Icepheonix32 the Party-goer (Demonspawn Fighter)   Turns: 10540, Time: 00:23:10

Health: -11/133    AC: 16    Str: 21    XL:     12   Next: 7%
Magic:  18/18      EV: 12    Int: 11    God:    Uskayaw [**....]
Gold:   580        SH: 10    Dex: 15    Spells: 11/11 levels left

rFire   . . .      SeeInvis .   x - +8 Vampire's Tooth {vamp}
rCold   . . .      Faith    .   c - +0 buckler
rNeg    . . .      Spirit   .   O - +3 troll leather armour
rPois   .          Reflect  .   n - +2 hat {Will+}
rElec   .          Harm     .   F - +0 cloak
rCorr   .          Rampage  .   b - +0 pair of gloves {Str+3}
Will    +....                   (no boots)
Stlth   ..........              e - amulet of regeneration
HPRegen 1.92/turn               A - ring of wizardry
MPRegen 0.16/turn               h - +4 ring of protection

@: berserking, very quick
A: hooves 2, large bone plates 1, spiny 2, horns 1, screaming 1
a: Renounce Religion, Stomp, Line Pass


You were on level 12 of the Dungeon.
You worshipped Uskayaw.
Uskayaw was aware of your devotion.
You visited 2 branches of the dungeon, and saw 13 of its levels.

You collected 610 gold pieces.
You spent 30 gold pieces at shops.

Inventory:

Hand Weapons
 i - the +10 hunting sling of Demonkind {speed, rPois Will+}
   (You found it on level 7 of the Dungeon)

   Attacks with this weapon are significantly faster.
   rPois:     It protects you from poison.
   Will:      It increases your willpower.
 t - a +4 short sword of draining
 x - the +8 Vampire's Tooth (weapon) {vamp}
   (You found it on level 4 of the Dungeon)

   It occasionally heals its wielder for the full amount of damage dealt when it
   wounds a living foe.
 y - a +4 dagger of venom
Missiles
 a - a throwing net
 r - 6 boomerangs
 M - 81 sling bullets
 Q - 5 curare-tipped darts (quivered)
Armour
 b - a +0 pair of gloves of strength (worn)
 c - a +0 buckler (worn)
 n - a +2 hat of willpower (worn)
 E - a +2 scale mail of fire resistance
 F - a +0 cloak (worn)
 O - a +3 troll leather armour (worn)
 U - +0 acid dragon scales
Jewellery
 e - an amulet of regeneration (around neck)
 h - a +4 ring of protection (right hand)
 A - a ring of wizardry (left hand)
 I - an amulet of guardian spirit
Wands
 C - a wand of iceblast (28)
 D - a wand of charming (10)
 J - a wand of flame (15)
 R - a wand of polymorph (4)
 T - a wand of digging (3)
Scrolls
 f - a scroll of identify
 g - 4 scrolls of blinking
 k - a scroll of torment
 l - 4 scrolls of teleportation
 o - 2 scrolls of summoning {unknown}
 p - 2 scrolls of enchant weapon {unknown}
 H - 2 scrolls of vulnerability
 K - a scroll of immolation
 L - a scroll of amnesia
 N - a scroll of silence
 P - 2 scrolls of fog
 S - 2 scrolls of fear
Potions
 d - 3 potions of might
 j - 4 potions of curing
 m - a potion of haste
 q - 2 potions of degeneration
 v - a potion of attraction
 z - 3 potions of cancellation {unknown}
 G - a potion of brilliance


   Skills:
 + Level 6.7 Fighting
 * Level 8.4 Short Blades
 - Level 4.7 Axes
 + Level 5.0(5.3) Slings
 + Level 2.3(4.0) Throwing
 - Level 6.3 Armour
 + Level 3.7 Dodging
 + Level 6.8 Stealth
 * Level 7.4 Shields
 * Level 9.1 Invocations


You had 11 spell levels left.
You didn't know any spells.
Your spell library contained the following spells:

 Spells                   Type           Power      Damage    Failure   Level
 Magic Dart               Conj           0%         1d3       21%         1
 Shock                    Conj/Air       0%         1d3       21%         1
 Slow                     Hex            0%         N/A       21%         1
 Summon Small Mammal      Summ           0%         N/A       21%         1
 Corpse Rot               Necr/Air       0%         N/A       30%         2
 Poisonous Vapours        Pois/Air       0%         N/A       30%         2
 Searing Ray              Conj           0%         2d4       30%         2
 Call Canine Familiar     Summ           0%         N/A       50%         3
 Gell's Gravitas          Tloc           0%         N/A       50%         3
 Ignite Poison            Fire/Tmut/Pois 0%         N/A       50%         3
 Lesser Beckoning         Tloc           0%         N/A       50%         3
 Portal Projectile        Hex/Tloc       0%         N/A       50%         3
 Summon Guardian Golem    Hex/Summ       0%         N/A       50%         3
 Swiftness                Air            0%         N/A       50%         3
 Teleport Other           Tloc           0%         N/A       50%         3
 Airstrike                Air            0%         N/A       87%         4
 Dispel Undead            Necr           0%         3d6       87%         4
 Fulminant Prism          Conj/Hex       0%         3d6       87%         4
 Hailstorm                Conj/Ice       0%         3d3       87%         4
 Ice Form                 Ice/Tmut       0%         N/A       87%         4
 Iskenderun's Mystic Bla  Conj/Tloc      0%         2d3       87%         4
 Leda's Liquefaction      Hex/Erth       0%         N/A       87%         4
 Summon Lightning Spire   Summ/Air       0%         N/A       87%         4
 Alistair's Intoxication  Tmut/Pois      0%         N/A       99%         5
 Blade Hands              Tmut           0%         N/A       99%         5
 Borgnjor's Vile Clutch   Necr/Erth      0%         N/A       99%         5
 Excruciating Wounds      Necr           0%         N/A       99%         5
 Lee's Rapid Deconstruct  Erth           0%         3d5*      99%         5
 Summon Forest            Summ/Tloc      0%         N/A       99%         5
 Death Channel            Necr           0%         N/A       100%        6
 Eringya's Noxious Bog    Tmut/Pois      0%         N/A       100%        6
 Simulacrum               Ice/Necr       0%         N/A       100%        6
 Storm Form               Tmut/Air       0%         N/A       100%        7
 Summon Hydra             Summ           0%         N/A       100%        7
 Maxwell's Capacitive Co  Air            0%         ∞         100%        8


Dungeon Overview and Level Annotations

Branches:
Dungeon (12/15)            Temple (1/1) D:5            Lair (0/6) D:8
    Orc (0/2) D:11

Altars:
Ashenzari
Cheibriados
Dithmenos
Elyvilon
Fedhas
Gozag
Hepliaklqana
Kikubaaqudgha
Makhleb
Nemelex Xobeh
Okawaru
Qazlal
Ru
Sif Muna
Trog
Uskayaw
Vehumet
Wu Jian
Xom
Yredelemnul
Zin
The Shining One

Shops:
D:2 *   D:4 *   D:10 =

Annotations:
D:7 2 transporters


Innate Abilities, Weirdness & Mutations

You have hoof-like feet.
You are partially covered in large bone plates. (SH +4)
You are mostly covered in sharp spines.
You have a pair of small horns on your head.
You occasionally shout uncontrollably at your foes.


Message History

You hit the meliai.
You feel better.
You kick the meliai. You headbutt the meliai.
The meliai is severely wounded.
The meliai mumbles some strange prayers to its god against you.
Something smites you!
Unknown command.
You barely miss the meliai.
The meliai is severely wounded.
The meliai mumbles some strange prayers to its god against you.
Something smites you!
* * * LOW HITPOINT WARNING * * *
The meliai hits you with a +0 hand axe.
* * * LOW HITPOINT WARNING * * *
The meliai stings you but does no damage.
You miss the meliai. Your headbutt misses the meliai.
The meliai is severely wounded.
The meliai hits you with a +0 hand axe.
* * * LOW HITPOINT WARNING * * *
The meliai closely misses you. The meliai is struck by your spines.
The meliai closely misses you.
The meliai stings you but does no damage.
You block the meliai's attack. The meliai misses you.
You feel much better.
The meliai invokes the aid of its god against you.
Something smites you! The meliai hits you with a +0 hand axe!
* * * LOW HITPOINT WARNING * * *
You block the meliai's attack. The meliai is struck by your spines.
The meliai barely misses you.
The meliai stings you but does no damage.
You block the meliai's attack. x2; The meliai barely misses you.
The meliai stings you.
* * * LOW HITPOINT WARNING * * *
The meliai hits you with a +0 hand axe!
* * * LOW HITPOINT WARNING * * *
The meliai stings you but does no damage.
A red film seems to cover your vision as you go berserk!
You feel yourself moving faster!
You feel mighty!
The meliai invokes the aid of its god against you.
Something smites you!
You die...

≈≈§§§..§≈# ##.......#
.§....§≈## ##.#.#.#.#
.....≈≈#####........#
....≈≈## .....#.#.#.#
§..≈≈## ##........#
§≈≈≈## #.....####
'#### ####...# .#
####''#### .#
#≈≈y@.≈≈≈# ##
#≈.yy...≈#
...####≈..≈≈8.≈#
#....'..≈..≈..+
#####.'..≈..≈..+
####..# ###≈.8≈≈..≈#
......# #≈..(...≈#
......# #≈≈≈..≈≈≈#
......# ####++####


You could see 3 meliai.

Vanquished Creatures
  2 boulder beetles
  A hydra (D:11)
  Harold (D:7)
  A death knight (D:11)
  2 two-headed ogres
  Sonja (D:10)
  A wizard (D:11)
  4 cyclopes
  An ugly thing (D:11)
  2 komodo dragons
  A troll (D:10)
  3 wyverns
  11 yaks
  4 wraiths
  3 hogs (D:8)
  A human (D:8)
  A steam dragon (D:9)
  2 wargs
  3 acid dragons
  2 water moccasins (D:6)
  2 orc warriors
  A black bear (D:7)
  An ice beast (D:7)
  An ogre (D:5)
  2 centaurs
  A phantom (D:5)
  6 bullfrogs
  A gnoll sergeant (D:8)
  3 water moccasin skeletons
  A wyvern skeleton (D:7)
  22 killer bees
  8 wights
  3 howler monkeys
  An electric eel (D:10)
  3 centaur zombies
  3 lava snakes (D:12)
  2 hounds
  A bullfrog zombie (D:5)
  A centaur skeleton (D:7)
  5 orc priests
  3 jellies
  A bullfrog skeleton (D:6)
  3 gnoll shamans
  Ijyb (D:5)
  An iguana (D:5)
  10 orc wizards
  A killer bee zombie (D:6)
  9 adders
  19 gnolls
  A white imp (D:7)
  An adder skeleton (D:4)
  A worm (D:5)
  2 dart slugs
  31 orcs
  9 ball pythons
  4 bats
  12 endoplasms
  2 giant cockroaches
  9 hobgoblins
  8 jackals
  9 kobolds
  7 quokkas
  6 goblins
  4 rats
269 creatures vanquished.

Vanquished Creatures (others)
  2 fungi (D:4)
  8 toadstools (D:4)
10 creatures vanquished.

Grand Total: 279 creatures vanquished

Notes
Turn   | Place    | Note
-------+----------+-------------------------------------------
     0 | D:1      | Icepheonix32 the Demonspawn Fighter began the quest for the
                  | Orb.
     0 | D:1      | Reached XP level 1. HP: 18/18 MP: 1/1
   355 | D:1      | Gained mutation: You are partially covered in sharp spines.
                  | [demonic ancestry]
   355 | D:1      | Reached XP level 2. HP: 24/24 MP: 2/2
   806 | D:1      | Reached XP level 3. HP: 29/29 MP: 3/3
  1516 | D:2      | Found a faded altar of an unknown god.
  1573 | D:2      | Found Ifip's General Store.
  1582 | D:2      | Bought a scroll of teleportation for 30 gold pieces
  1855 | D:2      | Gained mutation: You are mostly covered in sharp spines.
                  | [demonic ancestry]
  1855 | D:2      | Reached XP level 4. HP: 36/36 MP: 4/4
  2295 | D:4      | Found Ziojiur's General Store.
  2348 | D:4      | Gained mutation: You have large cloven feet. [demonic
                  | ancestry]
  2348 | D:4      | Reached XP level 5. HP: 6/41 MP: 5/5
  2348 | D:4      | Gained mutation: You have a pair of small horns on your
                  | head. [potion of mutation]
  2348 | D:4      | Gained mutation: You occasionally shout uncontrollably at
                  | your foes. [potion of mutation]
  2531 | D:4      | Gained mutation: You are partially covered in large bone
                  | plates. (SH +4) [demonic ancestry]
  2531 | D:4      | Reached XP level 6. HP: 48/48 MP: 6/6
  2622 | D:4      | Reached skill level 1 in Dodging
  2741 | D:4      | Reached skill level 1 in Throwing
  2755 | D:4      | Found a broken altar of Ashenzari.
  2758 | D:4      | Found a blossoming altar of Fedhas.
  2830 | D:4      | Found the +8 Vampire's Tooth {vamp}
  3392 | D:4      | Reached XP level 7. HP: 43/54 MP: 7/7
  3467 | D:5      | Entered Level 5 of the Dungeon
  3494 | D:5      | Reached skill level 1 in Short Blades
  3808 | D:5      | Found a staircase to the Ecumenical Temple.
  3832 | Temple   | Entered the Ecumenical Temple
  4097 | Temple   | Became a worshipper of Uskayaw the Reveller
  4166 | D:5      | Reached * piety under Uskayaw
  4352 | D:5      | Noticed Ijyb
  4360 | D:5      | Reached ** piety under Uskayaw
  4364 | D:5      | Reached *** piety under Uskayaw
  4367 | D:5      | Killed Ijyb
  4717 | D:6      | Reached skill level 1 in Invocations
  4717 | D:6      | Reached XP level 8. HP: 60/61 MP: 8/8
  4856 | D:6      | Reached **** piety under Uskayaw
  4857 | D:6      | Reached skill level 2 in Invocations
  5487 | D:7      | Reached skill level 5 in Fighting
  5624 | D:7      | Reached skill level 1 in Stealth
  5754 | D:7      | Identified the +10 hunting sling of Demonkind {speed, rPois
                  | Will+}
  5763 | D:7      | Reached skill level 3 in Invocations
  6048 | D:7      | Noticed Harold
  6068 | D:7      | Killed Harold
  6069 | D:7      | Reached skill level 1 in Slings
  6069 | D:7      | Reached skill level 5 in Armour
  6069 | D:7      | Reached skill level 5 in Shields
  6069 | D:7      | Reached skill level 4 in Invocations
  6069 | D:7      | Gained mutation: You have hoof-like feet. [demonic
                  | ancestry]
  6069 | D:7      | Reached XP level 9. HP: 44/68 MP: 10/12
  6187 | D:7      | Found a transporter.
  6206 | D:7      | Reached skill level 5 in Short Blades
  6241 | D:7      | Found a transporter.
  6679 | D:8      | Reached ***** piety under Uskayaw
  6853 | D:8      | Reached skill level 5 in Invocations
  6932 | D:8      | Reached XP level 10. HP: 76/76 MP: 12/14
  7020 | D:8      | Found a staircase to the Lair.
  7187 | D:8      | Noticed a cyclops
  7196 | D:8      | Killed a cyclops
  7837 | D:9      | Reached skill level 6 in Invocations
  7867 | D:9      | Found a basalt altar of Yredelemnul.
  7867 | D:9      | Found a sacrificial altar of Ru.
  8067 | D:9      | Noticed a two-headed ogre
  8079 | D:9      | Killed a two-headed ogre
  8750 | D:10     | Entered Level 10 of the Dungeon
  8774 | D:10     | Reached skill level 5 in Stealth
  8782 | D:10     | Reached XP level 11. HP: 78/81 MP: 16/16
  8794 | D:10     | Reached ****** piety under Uskayaw
  8795 | D:10     | Reached skill level 7 in Invocations
  9104 | D:10     | Found Noitusat's Jewellery Shoppe.
  9291 | D:10     | Noticed Sonja
  9294 | D:10     | Killed Sonja
  9529 | D:11     | Noticed a boulder beetle
  9552 | D:10     | Killed a boulder beetle
  9593 | D:11     | You fall into a shaft and drop 1 floor!
  9677 | D:12     | Reached skill level 8 in Invocations
  9762 | D:12     | Noticed a boulder beetle
  9817 | D:12     | Killed a boulder beetle
  9834 | D:11     | Found a staircase to the Orcish Mines.
  9893 | D:11     | Noticed a death knight
  9917 | D:11     | Killed a death knight
  9996 | D:11     | Noticed a six-headed hydra
 10001 | D:11     | Killed a six-headed hydra
 10006 | D:11     | Noticed a cyan ugly thing
 10017 | D:11     | Killed a cyan ugly thing
 10018 | D:11     | Reached skill level 5 in Slings
 10155 | D:11     | Noticed a wizard
 10162 | D:11     | Killed a wizard
 10466 | D:12     | Noticed a two-headed ogre
 10472 | D:12     | Killed a two-headed ogre
 10473 | D:12     | Reached skill level 9 in Invocations
 10473 | D:12     | Reached XP level 12. HP: 76/89 MP: 18/18
 10491 | D:12     | Got Siovuss's Compendium of Noxious Malediction
 10539 | D:12     | HP: 2/89 [meliai/+0 hand axe (10)]
 10540 | D:12     | Killed from afar by a meliai

Illustrated notes

Levels and vault maps discovered:
D:1:      zelgadis_glass_arrival_small, layout_loops_corners,
          serial_co_window_serial, co_window_of_opportunity_a,
          co_window_corner_a, co_window_paths_a, co_window_paths_a,
          co_window_corner_a, co_window_paths_a, co_window_paths_a,
          co_window_paths_a, co_window_cross_1, co_window_broadway_c,
          co_window_2corner, co_window_cross_3, co_window_of_opportunity_c,
          co_window_unsneaky_path_e, glass_columns_c, glass_columns_c,
          glass_columns_b, glass_columns_c
D:2:      layout_loops_ring, serial_shops, shop, ebering_ecumenical_altar_box,
          minmay_misc_feat_columns, minmay_misc_feat_rugged
D:3:      layout_rooms, serial_park_tiny_1
D:4:      cheibrodos_fertilizer, layout_basic, minitemple, serial_shops,
          nicolae_shop_trees
D:5:      layout_gridville, minmay_temple_entry_tees, uniq_ijyb
D:6:      layout_basic
D:7:      gammafunk_steamed_eel, layout_basic, uniq_harold
D:8:      layout_cave_pods, erik_lair_orcish_takeover, minmay_misc_feat_tower,
          grunt_livestock, chequers_serial_rivers_small_3
D:9:      lemuel_flame_loot_2, layout_long_grid,
          mainiacjoe_overflow_catwalk_spiral, minmay_misc_feat_tiny
D:10:     cheibrodos_helix_gallery, layout_basic, serial_shops, shop, uniq_sonja
D:11:     hellmonk_crumbling_castle, layout_basic, orc_0_dummy, minmay_librarian
D:12:     layout_rooms, serial_glass, glass_columns_a, glass_columns_a,
          glass_columns_b, glass_columns_a, kennysheep_big_empty_room,
          hex_intersection, kennysheep_generic_room_7
Temple:   dpeg_five_rooms_temple

Skill      XL: |  1  2  3  4  5  6  7  8  9 10 11 |
---------------+----------------------------------+-----
Axes           | 2 3 4 |  4.7
Armour         | 3 4 5 6 |  6.3
Fighting       | 4 5 6 |  6.7
Shields        | 3 4 5 6 7 |  7.4
Dodging        | 1 2 3 |  3.7
Throwing       | 1 2 |  2.3
Short Blades   | 3 4 6 7 8 |  8.4
Invocations    | 1 4 5 6 9 |  9.1
Stealth        | 1 2 5 6 |  6.8
Slings         | 1 3 5 |  5.0

Action                   |  1- 3 |  4- 6 |  7- 9 | 10-12 || total
-------------------------+-------+-------+-------+-------++-------
Melee: War axe           |    75 |    31 |       |       ||   106
       Hand axe          |       |    75 |       |       ||    75
       Headbutt          |       |    17 |    38 |    90 ||   145
       Kick              |       |    23 |    78 |   137 ||   238
       Quick blade       |       |    10 |   226 |   334 ||   570
       Dagger            |       |       |     4 |       ||     4
       Short sword       |       |       |       |     8 ||     8
 Fire: Hunting sling     |       |       |    23 |    47 ||    70
Throw: Boomerang         |       |    18 |     1 |       ||    19
       Dart              |       |       |     6 |     9 ||    15
       Throwing net      |       |       |       |     1 ||     1
  Use: Scroll            |     2 |       |     4 |    15 ||    21
       Potion            |       |     2 |       |     2 ||     4
 Stab: Paralysed         |       |       |    11 |    28 ||    39
       Held in net/web   |       |       |       |     1 ||     1
       Sleeping          |       |       |       |     4 ||     4
Armor: Scale mail        |    30 |    33 |    49 |    19 ||   131
       Troll leather arm |       |       |       |    32 ||    32
Dodge: Dodged            |    30 |    30 |    43 |    53 ||   156
Block: Buckler           |    16 |    29 |    67 |    82 ||   194
